 Dungeon Crawl Stone Soup version 0.26.1-11-gd32895ea62 (webtiles) character file.

Game seed: 6326259602929262207

523 DildoBatman the Conjurer (level 7, -6/50 HPs)
             Began as a Formicid Conjurer on July 12, 2021.
             Mangled by Pikel
             ... wielding a +1 whip of electrocution
              (11 damage)
             ... on level 5 of the Dungeon.
             The game lasted 00:11:50 (3266 turns).

DildoBatman the Conjurer (Formicid Conjurer)        Turns: 3266, Time: 00:11:51

Health: -6/50      AC:  5    Str: 11    XL:     7   Next: 46%
Magic:  11/13      EV: 12    Int: 18    God:
Gold:   210        SH:  5    Dex: 11    Spells: 11/14 levels left

rFire    + . .     SeeInvis +   a - +2 whip (vamp)
rCold    . . .     Faith    .   c - +1 buckler {AC+3}
rNeg     . . .     Spirit   .   b - +0 robe
rPois    .         Reflect  .   (helmet unavailable)
rElec    .         Harm     .   (no cloak)
rCorr    +         Rampage  .   (no gloves)
Will     .....                  (no boots)
Stlth    ++........             (no amulet)
HPRegen  0.16/turn              e - ring of resist corrosion (curse)
MPRegen  0.13/turn              r - ring of protection from fire

@: no status effects
A: permanent stasis, dig shafts and tunnels, four strong arms, antennae 3
a: Dig, Shaft Self


You were on level 5 of the Dungeon.
You visited 1 branch of the dungeon, and saw 5 of its levels.
You also visited: Sewer.

You collected 210 gold pieces.

Inventory:

Hand Weapons
 a - a +2 vampiric whip (weapon)
Missiles
 d - 98 stones
 j - 31 poisoned darts
 m - 35 arrows
 o - 18 sling bullets
 q - 4 atropa-tipped darts
 v - 24 bolts
 w - 2 boomerangs
Armour
 b - a +0 robe (worn)
 c - a +1 buckler of protection (worn)
Jewellery
 e - a cursed ring of resist corrosion (left hand)
 r - a ring of protection from fire (right hand)
Scrolls
 f - a scroll of fog {unknown}
 g - a scroll of amnesia {unknown}
 k - a scroll of fear
 u - a scroll of enchant armour
 x - 4 scrolls of remove curse
 y - a scroll of magic mapping
 z - 3 scrolls of identify
Potions
 i - 2 potions of flight
 l - a potion of haste {unknown}
 n - a potion of curing
 p - a potion of ambrosia {unknown}
 s - a potion of resistance {unknown}
 t - 2 potions of cancellation
Miscellaneous
 h - a condenser vane


   Skills:
 - Level 2.0 Fighting
 - Level 2.0 Armour
 - Level 1.7 Dodging
 - Level 2.4 Stealth
 - Level 3.0 Shields
 * Level 4.0 Spellcasting
 - Level 6.0 Conjurations


You had 11 spell levels left.
You knew the following spells:

 Your Spells              Type           Power        Failure   Level
a - Searing Ray           Conj           50%          1%          2
c - Magic Dart            Conj           100%         1%          1

Your spell library contained the following spells:

 Spells                   Type           Power        Failure   Level
 Dazzling Flash           Conj/Hex       28%          13%         3
 Fulminant Prism          Conj/Hex       7%           38%         4
 Iskenderun's Mystic Bla  Conj/Tloc      14%          38%         4


Dungeon Overview and Level Annotations

Branches:
Dungeon (5/15)              Sewer (visited)
 Temple: D:4-7

Altars:
Cheibriados
Fedhas

Annotations:
D:5 exclusion: 2 sensed monsters (detected), Eustachio, Menkaure, Pikel


Innate Abilities, Weirdness & Mutations

You cannot be hasted, slowed, berserked, paralysed or teleported.
You can dig through walls and to a lower floor.
Your four strong arms can wield two-handed weapons with a shield.
You have a pair of large antennae on your head. (SInv)


Message History

Menkaure calls on the powers of darkness!
Pikel convulses!
Your body is wracked with pain!
Pikel hits you but does no damage.
Menkaure grins.
Menkaure calls on the powers of darkness!
Pikel convulses!
Your body is wracked with pain!
There is an escape hatch in the ceiling here.
You extend your mandibles.
You dig through the rock wall.
You retract your mandibles.
Pikel says, "Hell isn't that bad."
There is a stone staircase leading up here.
You feel better.
Pikel cracks his whip.
Pikel barely misses you.
Pikel hits you with a +1 whip of electrocution.
You are electrocuted!
You die...

...##............#.......#.......
...#.@....###...........###......
....#.###..#...........#####.....
...........#...........# #...#...
........>....##........###...#..#
.............##.........#.......#
.............#........<.........#
..#...........5K....###.#.......#
..#......##..{.#@....##.#......##
#.......<.#..5.##....#..........#
.......5.#.M............#......##
..........#........#.####......#
.........##....##..#### #....###
.........##...####....####....#
........###....##....<.... ...#
≈...##...#....####...#.... #.##
≈..####..#....# ##### ..#


You could see Pikel and a lemure.

Vanquished Creatures
  An ice beast (D:5)
  An ogre (D:5)
  2 bullfrogs (Sewer)
  An orc wizard (D:3)
  8 adders
  An ooze (D:3)
  An adder zombie (D:5)
  A worm (D:2)
  3 dart slugs
  13 leopard geckos
  5 orcs (D:3)
  10 bats
  10 giant cockroaches
  6 goblins
  7 hobgoblins
  2 jackals (D:1)
  2 quokkas
  3 ball pythons (Sewer)
  9 frilled lizards
  9 kobolds
  7 rats
102 creatures vanquished.

Notes
Turn   | Place    | Note
-------+----------+-------------------------------------------
     0 | D:1      | DildoBatman the Formicid Conjurer began the quest for the
                  | Orb.
     0 | D:1      | Reached XP level 1. HP: 13/13 MP: 3/3
   371 | D:1      | Reached XP level 2. HP: 15/19 MP: 0/5
   373 | D:1      | Reached skill level 4 in Conjurations
   376 | D:1      | Learned a level 2 spell: Searing Ray
   647 | D:1      | Reached XP level 3. HP: 24/24 MP: 6/6
  1204 | D:2      | Reached XP level 4. HP: 30/30 MP: 1/7
  1268 | D:2      | Reached skill level 5 in Conjurations
  1740 | D:2      | Reached XP level 5. HP: 35/35 MP: 4/8
  1988 | D:3      | Found a blossoming altar of Fedhas.
  2200 | D:3      | Found a snail-covered altar of Cheibriados.
  2512 | D:5      | Entered Level 5 of the Dungeon
  2523 | D:5      | Noticed Eustachio
  2536 | D:5      | Noticed an ogre
  2542 | D:5      | Killed an ogre
  2543 | D:5      | Reached skill level 1 in Fighting
  2543 | D:5      | Reached skill level 1 in Armour
  2543 | D:5      | Reached XP level 6. HP: 43/43 MP: 1/9
  2605 | D:5      | Found a glowing drain.
  2615 | Sewer    | Entered a sewer
  2890 | Sewer    | Reached XP level 7. HP: 36/48 MP: 6/11
  2893 | Sewer    | Reached skill level 6 in Conjurations
  3224 | D:5      | Noticed Menkaure
  3244 | D:5      | Noticed Pikel
  3266 | D:5      | Mangled by Pikel

Illustrated notes

Levels and vault maps discovered:
D:1:      elethiomel_arrival_infinity_welcomes_careful_drivers, layout_basic,
          minmay_pentomino_r2
D:2:      layout_basic
D:3:      layout_rooms, fedhas_ov_isle_minmay, kennysheep_slug_shrine
D:4:      layout_loops_ring, uniq_sigmund, uniq_grinder, uniq_duvessa
D:5:      layout_cave_pools, minmay_temple_entry_junction, gup_sewer_entry_pipe,
          uniq_pikel, uniq_eustachio, uniq_menkaure

Skill      XL: |  1  2  3  4  5  6  7 |
---------------+----------------------+-----
Conjurations   | 4 5 6 |  6.0
Shields        | 3 |  3.0
Fighting       | 1 2 |  2.0
Armour         | 1 2 |  2.0
Spellcasting   | 4 |  4.0
Dodging        | |  1.7
Stealth        | |  2.4

Action                   |  1- 3 |  4- 6 |  7- 9 || total
-------------------------+-------+-------+-------++-------
Melee: Whip              |    67 |    85 |     3 ||   155
 Cast: Magic Dart        |    29 |    17 |     1 ||    47
       Searing Ray       |     3 |    16 |     4 ||    23
 Abil: Dig               |     2 |     2 |     1 ||     5
  Use: Scroll            |       |     9 |       ||     9
       Potion            |       |       |     1 ||     1
 Stab: Sleeping          |     4 |     2 |     1 ||     7
Armor: Robe              |    21 |    17 |     1 ||    39
Dodge: Dodged            |    63 |    63 |     3 ||   129
Block: Buckler           |       |     7 |     2 ||     9
